 Dungeon Crawl Stone Soup version 0.28-b1-1-g3c77fb2ed1 (webtiles) character file.

Game seed: 1678314696750373057

280 cbfl8 the Sneak (level 6, -2/53 HPs)
             Began as a Minotaur Delver on Jan 30, 2022.
             Succumbed to a scorpion's poison
             ... on level 3 of the Dungeon.
             The game lasted 00:06:17 (3044 turns).

cbfl8 the Sneak (Minotaur Delver)                   Turns: 3044, Time: 00:06:17

Health: -2/53      AC: 12    Str: 18    XL:     6   Next: 5%
Magic:  5/5        EV: 21    Int:  7    God:
Gold:   33         SH:  0    Dex: 12    Spells: 5/5 levels left

rFire   . . .      SeeInvis .   u - +0 dagger (freeze)
rCold   . . .      Faith    .   (no shield)
rNeg    . . .      Spirit   .   q - +0 plate armour
rPois   +          Reflect  .   (helmet restricted)
rElec   .          Harm     .   (no cloak)
rCorr   .          Rampage  .   (no gloves)
Will    .....                   o - +0 pair of boots
Stlth   ..........              r - amulet of the acrobat
HPRegen 0.17/turn               p - ring of poison resistance
MPRegen 0.09/turn               (no ring)

@: lethally poisoned (-2 -> -13), acrobatic
A: horns 2, retaliatory headbutt
a: no special abilities


You were on level 3 of the Dungeon.
You visited 2 branches of the dungeon, and saw 6 of its levels.

You collected 61 gold pieces.
You spent 28 gold pieces at shops.

Inventory:

Hand Weapons
 a - a +0 hand axe
 u - a +0 dagger of freezing (weapon)
Missiles
 j - 65 stones (quivered)
 m - 5 poisoned darts
 n - 2 javelins
Armour
 b - a +0 leather armour
 o - a +0 pair of boots (worn)
 q - a +0 plate armour (worn)
Jewellery
 p - a ring of poison resistance (left hand)
 r - an amulet of the acrobat (around neck)
 v - an amulet of guardian spirit
Wands
 g - a wand of digging (3)
Scrolls
 c - 3 scrolls of fog
 d - 3 scrolls of magic mapping
 k - 2 scrolls of blinking
 l - a scroll of vulnerability {unknown}
 t - a scroll of amnesia {unknown}
Potions
 f - a potion of haste
 s - a potion of invisibility {unknown}
 w - a potion of heal wounds {unknown}
 x - a potion of ambrosia {unknown}


   Skills:
 + Level 4.5 Fighting
 + Level 3.9 Axes
 + Level 2.2 Armour
 + Level 2.6 Dodging
 + Level 5.7 Stealth


You had 5 spell levels left.
You didn't know any spells.
Your spell library was empty.

Dungeon Overview and Level Annotations

Branches:
Dungeon (5/15)             Temple (1/1) D:5

Altars:
Cheibriados
Gozag
Hepliaklqana
Kikubaaqudgha
Nemelex Xobeh
Okawaru
Qazlal
Ru
Vehumet
Xom
Yredelemnul
Zin
The Shining One

Shops:
D:1 ?

Annotations:
D:5 Pikel


Innate Abilities, Weirdness & Mutations

You have a pair of horns on your head.
You reflexively headbutt those who attack you in melee.


Message History

You hit the scorpion but do no damage.
The scorpion is heavily wounded.
The scorpion stings you but does no damage.
You barely miss the scorpion. Your headbutt misses the scorpion.
The scorpion is heavily wounded.
The scorpion barely misses you.
You closely miss the scorpion.
The scorpion is heavily wounded.
The scorpion stings you but does no damage.
You closely miss the scorpion.
The scorpion is heavily wounded.
The scorpion barely misses you. x2
You closely miss the scorpion. Your headbutt misses the scorpion.
The scorpion is heavily wounded.
The scorpion stings you.
* * * LOW HITPOINT WARNING * * *
You closely miss the scorpion.
The scorpion is heavily wounded.
The scorpion barely misses you.
You barely miss the scorpion.
The scorpion is heavily wounded.
The scorpion stings you.
* * * LOW HITPOINT WARNING * * *
You hit the scorpion. You freeze the scorpion.
The scorpion is almost dead.
The scorpion stings you.
* * * LOW HITPOINT WARNING * * *
You hit the scorpion but do no damage.
The scorpion is almost dead.
The scorpion stings you.
* * * LOW HITPOINT WARNING * * *
You are lethally poisoned!
The scorpion poisons you!
The scorpion stings you but does no damage.
You feel less attractive to monsters.
As you read the scroll of fear, it crumbles to dust.
You assume a fearsome visage.
The scorpion looks frightened!
* * * LOW HITPOINT WARNING * * *
You feel very sick.
You die...

####'###.#.._.# #.#
#.##...#....# #.#. #######.#
#.######....# #.## #.....#.#
#.# #[...$.# #.##
#.....#.###.####......# #.##
#.....'.......##......# #.##
#.....#.###.####......# #.##
#.....#.# #.####......###.##
#######.# #@.)s'...†........
#######.########......###.##
.........†...# #......# #.#
#######.####.#........# ....
#.# #.#........#.#.## #.#
#.#........#.#.#
###.####.#........# #.#
#........#........# #.#
#.#.######.


You could see a scorpion (fleeing).

Vanquished Creatures
  A black bear (D:5)
  2 hounds (D:5)
  Jessica (D:3)
  5 adders
  2 worms (D:2)
  A dart slug (D:3)
  An orc (D:2)
  5 ball pythons
  5 endoplasms
  4 giant cockroaches
  7 goblins
  2 hobgoblins
  2 quokkas
  4 bats
  2 frilled lizards
  5 kobolds
  2 rats (D:3)
51 creatures vanquished.

Notes
Turn   | Place    | Note
-------+----------+-------------------------------------------
     0 | D:5      | cbfl8 the Minotaur Delver began the quest for the Orb.
     0 | D:5      | Reached XP level 1. HP: 19/19 MP: 0/0
     4 | D:5      | Noticed a black bear
    18 | D:5      | Noticed a hound
    23 | D:5      | Reached XP level 2. HP: 27/27 MP: 1/1
    29 | D:5      | Reached XP level 3. HP: 31/33 MP: 2/2
    68 | D:5      | Noticed Pikel
    68 | D:5      | Noticed a lemure
    69 | D:5      | Noticed a lemure
    69 | D:5      | Noticed a lemure
   106 | D:5      | Killed a black bear
   107 | D:5      | Reached skill level 1 in Armour
   107 | D:5      | Reached skill level 5 in Stealth
   107 | D:5      | Reached XP level 4. HP: 6/40 MP: 3/3
   376 | D:5      | Found a staircase to the Ecumenical Temple.
   402 | D:5      | Reached XP level 5. HP: 37/46 MP: 4/4
   481 | Temple   | Entered the Ecumenical Temple
   798 | D:3      | Found a glowing silver altar of Zin.
   798 | D:3      | Found an opulent altar of Gozag.
  1859 | D:1      | Found Niqunel's Magic Scroll Emporium.
  1862 | D:1      | Bought a scroll of identify for 28 gold pieces
  2949 | D:3      | Found a faded altar of an unknown god.
  2980 | D:3      | Noticed Jessica
  2999 | D:3      | Killed Jessica
  3000 | D:3      | Reached XP level 6. HP: 24/53 MP: 5/5
  3043 | D:3      | HP: 1/53 [poisoned by a scorpion]
  3044 | D:3      | Succumbed to a scorpion's poison

Illustrated notes

Levels and vault maps discovered:
D:1:      wander_arrival_peaceful_grave, layout_basic, serial_shops,
          nicolae_shop_behind_doors, minmay_misc_feat_x, minivault_4,
          nicolae_concentric_dashed_squares_mild, hex_tiny,
          minmay_misc_feat_more_columns
D:2:      layout_basic, chequers_serial_rivers_large_a,
          hangedman_decor_riveting, grunt_ministairs_10, minmay_pentomino_s4
D:3:      layout_basic, grunt_temple_overflow_gold_and_silver,
          basic_ecumenical_altar, uniq_jessica
D:4:      layout_loops_ring, trog_wizard, mainiacjoe_overflow_catwalk
D:5:      layout_basic, temple_pool_b, serial_shops, shop, uniq_pikel
Temple:   jpeg_temple_clearing

Skill      XL: |  1  2  3  4  5 |
---------------+----------------+-----
Fighting       | 4 |  4.5
Axes           | 3 |  3.9
Armour         | 1 2 |  2.2
Stealth        | 5 |  5.7
Dodging        | |  2.6

Action                   |  1- 3 |  4- 6 || total
-------------------------+-------+-------++-------
Melee: Hand axe          |    12 |    75 ||    87
       Headbutt          |     6 |    25 ||    31
       Dagger            |       |    79 ||    79
       Punch             |       |     2 ||     2
  Use: Scroll            |       |     2 ||     2
       Potion            |       |     3 ||     3
 Stab: Sleeping          |       |     6 ||     6
Armor: Leather armour    |    10 |    16 ||    26
       Plate armour      |       |    53 ||    53
Dodge: Dodged            |     8 |    79 ||    87
